 Dungeon Crawl Stone Soup version 0.20-a0-738-gb057e68 (webtiles) character file.

35782 nono the Slicer (level 13, -8/66 HPs)
             Began as a Vine Stalker Arcane Marksman on Feb 23, 2017.
             Was a Follower of Uskayaw.
             Killed from afar by a molten gargoyle (23 damage)
             ... with a bolt of magma
             ... on level 5 of the Lair of Beasts.
             The game lasted 00:55:59 (14650 turns).

nono the Slicer (Vine Stalker Arcane Marksman)     Turns: 14650, Time: 00:55:59

Health: -8/66      AC: 13    Str: 17    XL:     13   Next: 86%
Magic:  0/21       EV: 20    Int: 13    God:    Uskayaw [*.....]
Gold:   1401       SH: 10    Dex: 16    Spells: 12/14 levels left

rFire    + . .     SeeInvis .   j - +3 short sword (flame)
rCold    . . .     Gourm    .   S - +4 ring mail {rF+}
rNeg     . . .     Faith    .   X - +0 shield
rPois    .         Spirit   +   (no helmet)
rElec    .         Reflect  .   (no cloak)
rCorr    .         Harm     .   l - +1 pair of gloves
MR       +....                  (no boots)
Stlth    ++........             L - amulet of regeneration
Regen    1.5/turn               o - +3 ring of evasion
MPRegen  0.2/turn               w - +5 ring of evasion

@: no status effects
A: fangs 3, regeneration 2, magic shield, antimagic bite, no potion heal 3, rot
immunity
a: Stomp, Renounce Religion


You were on level 5 of the Lair of Beasts.
You worshipped Uskayaw.
Uskayaw was aware of your devotion.
You were very hungry.

You visited 3 branches of the dungeon, and saw 17 of its levels.
You also visited: Ossuary and Ice Cave.

You collected 1581 gold pieces.
You spent 180 gold pieces at shops.

Inventory:

Hand Weapons
 e - a +0 hand axe
 j - a +3 short sword of flaming (weapon)
Missiles
 c - 3 javelins (quivered)
 d - 2 throwing nets
 s - 13 tomahawks
Armour
 l - a +1 pair of gloves (worn)
 y - +0 ice dragon scales
 P - a +0 plate armour
 S - a +4 ring mail of fire resistance (worn)
 X - a +0 shield (worn)
Jewellery
 a - a +3 ring of strength
 g - a +5 ring of dexterity
 o - a +3 ring of evasion (right hand)
 w - a +5 ring of evasion (left hand)
 x - an uncursed ring of poison resistance
 C - an uncursed ring of flight
 L - an amulet of regeneration (around neck)
 Y - a cursed amulet of magic regeneration {unknown}
Wands
 r - a wand of iceblast (5/15)
 F - a wand of lightning (4/15)
 N - a wand of disintegration (10/24)
 Q - a wand of digging (17/24)
 R - a wand of confusion (16/48)
 T - a wand of confusion (29/48)
 W - a wand of iceblast (4/15)
Scrolls
 h - 7 scrolls of recharging
 k - 2 scrolls of enchant weapon
 n - 5 scrolls of magic mapping
 u - 4 scrolls of teleportation
 v - a scroll of fear
 A - 3 scrolls of amnesia
 D - 4 scrolls of remove curse
 G - a scroll of fog
 H - a scroll of enchant armour
 U - a scroll of silence
 Z - a scroll of brand weapon
Potions
 m - 3 potions of agility
 q - 3 potions of haste
 t - 3 potions of brilliance
 z - a potion of invisibility
 B - 7 potions of curing
 I - 3 potions of lignification
 M - 2 potions of cancellation {unknown}
 O - a potion of resistance
Books
 b - a book of Debilitation

   Spells                             Type                      Level
   a - Corona                         Hexes                        1
   b - Slow                           Hexes                        2
   c - Inner Flame                    Hexes/Fire                   3
   d - Portal Projectile              Hexes/Translocation          3
   e - Cause Fear                     Hexes                        4
   f - Leda's Liquefaction            Hexes/Earth                  4
 p - a book of Misfortune

   Spells                             Type                      Level
   a - Confusing Touch                Hexes                        1
   b - Confuse                        Hexes                        3
   c - Gell's Gravitas                Translocation                3
   d - Petrify                        Transmutation/Earth          4
   e - Metabolic Englaciation         Hexes/Ice                    5
   f - Yara's Violent Unravelling     Hexes/Transmutation          5
 K - a book of Geomancy

   Spells                             Type                      Level
   a - Sandblast                      Earth                        1
   b - Passwall                       Transmutation/Earth          2
   c - Stone Arrow                    Conjuration/Earth            3
   d - Petrify                        Transmutation/Earth          4
   e - Lee's Rapid Deconstruction     Earth                        5
 V - a book of Cantrips

   Spells                             Type                      Level
   a - Confusing Touch                Hexes                        1
   b - Animate Skeleton               Necromancy                   1
   c - Summon Small Mammal            Summoning                    1
   d - Apportation                    Translocation                1
Comestibles
 f - 8 bread rations
 i - 5 meat rations
 E - 11 royal jellies
 J - 22 fruits


   Skills:
 + Level 6.6 Fighting
 - Level 12.4 Short Blades
 - Level 2.6 Throwing
 + Level 7.3 Armour
 + Level 4.5 Dodging
 - Level 5.0 Stealth
 + Level 6.7 Shields
 - Level 1.1 Spellcasting
 - Level 3.0 Hexes
 - Level 10.2 Invocations
 - Level 5.0 Evocations


You had 12 spell levels left.
You knew the following spells:

 Your Spells              Type           Power        Failure   Level  Hunger
b - Slow                  Hex            #.......     69%         2    ###....


Dungeon Overview and Level Annotations

Branches:
Dungeon (10/15)            Temple (1/1) D:4            Lair (6/6) D:9
  Swamp (0/4) Lair:4        Snake (0/4) Lair:4
  Slime: Lair:5-6       Orc: D:9-12

Altars:
Ashenzari
Cheibriados
Dithmenos
Elyvilon
Fedhas
Gozag
Hepliaklqana
Kikubaaqudgha
Makhleb
Nemelex Xobeh
Okawaru
Qazlal
Ru
Sif Muna
Trog
Uskayaw
Vehumet
Wu Jian
Xom
Yredelemnul
Zin
The Shining One

Shops:
D:4 :   D:7 ?

Annotations:
D:2 Terence


Innate Abilities, Weirdness & Mutations

You have razor-sharp teeth.
You heal very quickly.
When hurt, damage is shared between your health and your magic reserves.
Your bite disrupts and absorbs the magic of your enemies.
Potions cannot restore your health.
You are immune to rotting.


Message History

There is a stone staircase leading up here.
The molten gargoyle blasts magma at you!
The bolt of magma misses you. The elephant misses you.
You block the elephant's attack.
You climb upwards.
There is a stone staircase leading down, spattered with blood here.
You hit the elephant. You burn the elephant.
You bite the elephant, but do no damage.
The elephant is lightly wounded.
The molten gargoyle blasts magma at you!
The bolt of magma hits you! You partially resist.
* * * LOW HITPOINT WARNING * * *
The elephant barely misses you.
The elephant trunk-slaps you but does no damage.
The elephant tramples you!
* * * LOW HITPOINT WARNING * * *
You stumble backwards!
The molten gargoyle blasts magma at you!
The bolt of magma hits you! You partially resist.
You die...

...# ##.............# #....## #
.†## #.............#####.....####
P..####............##.##....###.#
...##..............P..#......###.
...####.....(....................
................<................
.........##.P.#....###.........#P
#.P........####...####...##...P##
...##....#.P####@.###....##....##
..###.....####......#...#.#...#.#
..####P..#####.Y...##P...#.....##
...###......#9.#....#.....#....#
..#.##.......>............#...###
................................#
................................P
.....P####..####.#...##.#.P......
...#### ###.# #.#########.......


You could see an elephant and a molten gargoyle.

Vanquished Creatures
  2 ice dragons (IceCv)
  4 hydras
  A catoblepas (Lair:5)
  4 two-headed ogres
  A fire crab (Lair:5)
  A cyclops (D:9)
  4 black mambas
  5 elephants
  Joseph (D:8)
  2 ice statues (IceCv)
  8 spiny frogs
  4 rime drakes
  4 komodo dragons
  2 tyrant leeches (Lair:4)
  13 blink frogs
  A polar bear (Lair:4)
  6 hippogriffs
  2 wyverns
  A hungry ghost (D:9)
  A basilisk (Lair:1)
  35 yaks
  4 nagas (Lair:4)
  12 water moccasins
  9 porcupines
  A swamp worm (Lair:4)
  An orc warrior (D:8)
  3 black bears
  18 ice beasts
  A sky beast (D:9)
  A necrophage (D:6)
  2 ogres
  13 wolves
  3 centaurs
  13 crocodiles
  2 gnoll sergeants
  9 bullfrogs
  2 scorpions
  2 howler monkeys
  A centaur zombie (D:6)
  3 crimson imps
  4 bullfrog zombies
  A quasit (D:9)
  A centaur skeleton (D:6)
  4 orc priests
  5 hounds
  5 jellies
  A bullfrog skeleton (D:9)
  A gnoll shaman (D:9)
  Jessica (D:3)
  An iguana (D:6)
  4 orc wizards
  5 worker ants
  A big kobold zombie (Ossuary)
  A hound zombie (Ossuary)
  5 mummies
  12 gnolls
  9 adders
  6 shadow imps
  6 oozes
  2 adder zombies (Ossuary)
  An adder skeleton (D:9)
  A worm (D:2)
  A dart slug (D:1)
  8 leopard geckos
  21 orcs
  A ball python (D:2)
  7 giant cockroaches
  7 goblins
  9 hobgoblins
  A quokka (D:8)
  A ball python skeleton (D:4)
  10 bats
  8 frilled lizards
  3 jackal zombies (Ossuary)
  3 kobolds
  A kobold zombie (Ossuary)
  A leopard gecko skeleton (D:4)
  An orc zombie (Ossuary)
  10 rats
  A rat zombie (Ossuary)
373 creatures vanquished.

Vanquished Creatures (others)
  A wyvern (Lair:6)
  A hobgoblin zombie (Ossuary)
  An orc zombie (Ossuary)
  3 fungi
  A plant (Lair:3)
7 creatures vanquished.

Grand Total: 380 creatures vanquished

Notes
Turn   | Place    | Note
-------+----------+-------------------------------------------
     0 | D:1      | nono the Vine Stalker Arcane Marksman began the quest for the Orb.
     0 | D:1      | Reached XP level 1. HP: 9/9 MP: 3/3
   201 | D:1      | Reached XP level 2. HP: 14/14 MP: 4/4
   548 | D:1      | Reached skill level 1 in Fighting
   762 | D:1      | Reached skill level 1 in Stealth
   959 | D:1      | Reached XP level 3. HP: 18/18 MP: 5/5
  1142 | D:2      | Reached skill level 1 in Short Blades
  1476 | D:2      | Found a faded altar of an unknown god.
  1696 | D:2      | Noticed Terence
  1709 | D:2      | Learned a level 2 spell: Slow
  1791 | D:2      | Gained mutation: Your natural rate of healing is unusually fast. [Vine Stalker growth]
  1791 | D:2      | Reached XP level 4. HP: 21/22 MP: 6/6
  2257 | D:3      | Noticed Jessica
  2258 | D:3      | Killed Jessica
  2258 | D:3      | Reached skill level 2 in Short Blades
  2445 | D:3      | Reached XP level 5. HP: 21/25 MP: 5/7
  2710 | D:4      | Noticed an orc warrior
  2711 | D:4      | Found a sand-covered staircase.
  2717 | Ossuary  | Entered an ossuary
  2966 | D:4      | Found a staircase to the Ecumenical Temple.
  2976 | Temple   | Entered the Ecumenical Temple
  3170 | D:4      | Found Jetyfi's Book Shop.
  3192 | D:4      | Reached skill level 3 in Short Blades
  3192 | D:4      | Reached XP level 6. HP: 24/30 MP: 6/8
  3211 | D:4      | Reached skill level 5 in Stealth
  3267 | D:4      | Found a radiant altar of Vehumet.
  3412 | D:4      | Found a blossoming altar of Fedhas.
  3577 | D:4      | Found an ornate altar of the Wu Jian Council.
  3643 | D:5      | Entered Level 5 of the Dungeon
  3682 | D:5      | Reached skill level 4 in Short Blades
  3795 | D:5      | Reached XP level 7. HP: 33/33 MP: 9/9
  3940 | D:5      | Reached skill level 5 in Short Blades
  4414 | D:5      | Reached skill level 6 in Short Blades
  4688 | D:6      | Found a shattered altar of Ashenzari.
  4745 | D:6      | Gained mutation: You have razor-sharp teeth. [Vine Stalker growth]
  4745 | D:6      | Reached XP level 8. HP: 19/37 MP: 5/10
  4787 | D:6      | Reached skill level 7 in Short Blades
  4804 | D:6      | Found a sacrificial altar of Ru.
  4898 | D:6      | Found a bloodstained altar of Trog.
  5445 | D:6      | Reached skill level 8 in Short Blades
  5691 | D:7      | Found Yrierph's Magic Scroll Shop.
  5699 | D:7      | Bought a scroll of magic mapping for 42 gold pieces
  5699 | D:7      | Bought a scroll of teleportation for 36 gold pieces
  5699 | D:7      | Bought a scroll of fear for 42 gold pieces
  5699 | D:7      | Bought a scroll of teleportation for 36 gold pieces
  5836 | D:7      | Reached skill level 9 in Short Blades
  5857 | D:7      | Found an ancient bone altar of Kikubaaqudgha.
  6169 | D:8      | Reached skill level 1 in Armour
  6169 | D:8      | Reached XP level 9. HP: 27/41 MP: 8/11
  6201 | D:8      | Noticed a two-headed ogre
  6206 | D:8      | Noticed Joseph
  6219 | D:8      | Killed a two-headed ogre
  6232 | D:8      | Killed Joseph
  6232 | D:8      | Reached skill level 5 in Armour
  6323 | D:8      | Noticed a cyclops
  6560 | D:7      | Bought a scroll of identify for 24 gold pieces
  6694 | D:8      | Found a glowing silver altar of Zin.
  7004 | D:8      | Reached skill level 1 in Evocations
  7108 | D:8      | Reached XP level 10. HP: 45/45 MP: 12/12
  7828 | D:9      | Noticed a two-headed ogre
  7847 | D:9      | Killed a two-headed ogre
  7847 | D:9      | Reached skill level 5 in Evocations
  7940 | D:9      | Found a snail-covered altar of Cheibriados.
  7971 | D:9      | Killed a cyclops
  8145 | D:9      | Noticed a two-headed ogre
  8149 | D:10     | Entered Level 10 of the Dungeon
  8196 | D:9      | Killed a two-headed ogre
  8196 | D:9      | Reached skill level 10 in Short Blades
  8228 | D:9      | Noticed a dagger
  8228 | D:9      | Noticed a hand axe
  8234 | D:9      | Found a hide-covered altar of Uskayaw.
  8243 | D:9      | Became a worshipper of Uskayaw the Reveler
  8258 | D:9      | Reached * piety under Uskayaw
  8263 | D:9      | Reached ** piety under Uskayaw
  8287 | D:9      | Reached *** piety under Uskayaw
  8291 | D:9      | Reached **** piety under Uskayaw
  8323 | D:9      | Reached skill level 1 in Invocations
  8412 | D:9      | Noticed a two-headed ogre
  8422 | D:9      | Found a staircase to the Lair.
  8424 | D:9      | Killed a two-headed ogre
  8424 | D:9      | Reached XP level 11. HP: 13/49 MP: 5/15
  8469 | Lair:1   | Entered Level 1 of the Lair of Beasts
  8591 | Lair:1   | Reached skill level 5 in Invocations
  8739 | Lair:1   | Reached ***** piety under Uskayaw
  8751 | Lair:1   | Reached ****** piety under Uskayaw
  9209 | Lair:1   | Reached skill level 1 in Shields
 10014 | Lair:3   | Noticed a six-headed hydra
 10033 | Lair:3   | Noticed a six-headed hydra
 10152 | Lair:3   | Reached skill level 5 in Shields
 10211 | Lair:3   | Gained mutation: You heal very quickly. [Vine Stalker growth]
 10211 | Lair:3   | Reached XP level 12. HP: 36/56 MP: 17/17
 10368 | Lair:3   | Reached skill level 5 in Fighting
 10703 | Lair:4   | Found a staircase to the Snake Pit.
 10876 | Lair:4   | Reached skill level 11 in Short Blades
 10896 | Lair:4   | Found a frozen archway.
 10980 | IceCv    | Entered an ice cave
 11261 | IceCv    | Noticed an ice dragon
 11262 | IceCv    | Noticed an ice dragon
 11275 | IceCv    | Killed an ice dragon
 11285 | IceCv    | Killed an ice dragon
 11684 | Lair:4   | Reached skill level 12 in Short Blades
 11703 | Lair:4   | Reached XP level 13. HP: 58/63 MP: 20/20
 11965 | Lair:4   | Found a staircase to the Swamp.
 12501 | Lair:5   | Reached skill level 10 in Invocations
 13045 | Lair:6   | Entered Level 6 of the Lair of Beasts
 14650 | Lair:5   | Killed from afar by a molten gargoyle

Vault maps used:
D:1:      dpeg_arrival_refuge
D:2:      chequers_ecumenical_altar_island, uniq_terence
D:3:      uniq_jessica
D:4:      overflow_temple_1_default, fedhas_altar_fruit_tree,
          nicolae_overflow_hidden_temple, temple_statues, first_bread,
          serial_shops, nicolae_shop_trees, nicolae_ossuary_entry_plus
D:6:      kennysheep_big_flooded_room, kennysheep_mini, basic_altar,
          abandoned_shop, nicolae_ashenzari_panopticon
D:7:      overflow_temple_1_default, serial_shops, nicolae_shop_crystal,
          kennysheep_generic_room_14
D:8:      zin_academy, hangedman_little_slice_of_home, uniq_joseph
D:9:      dancing_weapons_uskayaw, slow_altar_1, lair_entry_dummy
D:10:     minmay_tri_box, serial_shops, shop
Temple:   cyrus_circular_temple
Lair:1:   grunt_megastairs_1
Lair:3:   serial_bayou_pond_d, cheibrodos_lair_reptile_den
Lair:4:   minmay_swamp_entry_worms, minmay_snake_entry_guardpost_small,
          portal_ice_cave_entry_pillars_1
Lair:5:   minmay_stone_trees_medium
Lair:6:   cheibrodos_lair_end_hotspot, slime_altar_2
Ossuary:  ossuary_minmay_tomb_2a
IceCv:    ice_cave_small_dragons

Skill      XL: |  1  2  3  4  5  6  7  8  9 10 11 12 13 |
---------------+----------------------------------------+-----
Throwing       | 2 |  2.6
Fighting       | 1 2 5 6 |  6.6
Stealth        | 1 2 3 4 5 |  5.0
Short Blades   | 1 2 3 4 6 9 10 12 | 12.4
Armour         | 1 6 7 |  7.3
Evocations     | 1 5 |  5.0
Dodging        | 4 |  4.5
Invocations    | 4 6 9 10 | 10.2
Shields        | 5 6 |  6.7
Spellcasting   | |  1.1
Hexes          | |  3.0

Action                   |  1- 3 |  4- 6 |  7- 9 | 10-12 | 13-15 || total
-------------------------+-------+-------+-------+-------+-------++-------
Melee: Hand axe          |    26 |       |       |       |       ||    26
       Bite              |    16 |    48 |    97 |   306 |   177 ||   644
       Short sword       |    56 |   182 |   300 |   784 |   428 ||  1750
Throw: Javelin           |     9 |     7 |     7 |       |       ||    23
       Throwing net      |     1 |       |     4 |       |     2 ||     7
 Cast: Slow              |       |       |     6 |       |       ||     6
Invok: Grand Finale      |       |       |       |     1 |       ||     1
Evoke: Wand              |       |       |     6 |    14 |     8 ||    28
  Use: Potion            |     2 |       |       |     1 |       ||     3
       Scroll            |       |     5 |     8 |    17 |     2 ||    32
 Stab: Sleeping          |     3 |     3 |     3 |     8 |       ||    17
       Distracted        |       |       |     1 |     1 |     1 ||     3
       Held in net/web   |       |       |     4 |       |     3 ||     7
       Confused          |       |       |       |     7 |       ||     7
       Paralysed         |       |       |       |    28 |    19 ||    47
       Invisible         |       |       |       |     6 |       ||     6
       Petrifying        |       |       |       |       |     4 ||     4
       Petrified         |       |       |       |       |     1 ||     1
  Eat: Chunk             |     3 |     6 |    12 |    15 |     7 ||    43
       Fruit             |       |       |       |     1 |     1 ||     2
Armor: Robe              |    16 |       |       |       |       ||    16
       Ring mail         |     7 |    50 |    41 |   164 |    71 ||   333
       Scale mail        |     5 |       |       |       |       ||     5
       Plate armour      |       |       |    49 |    17 |       ||    66
Dodge: Dodged            |    55 |    93 |    78 |   241 |   171 ||   638
Block: Shield            |       |       |       |   188 |   155 ||   343
